 Dungeon Crawl Stone Soup version 0.28-a0-984-g3775c662fe (webtiles) character file.

Game seed: 9303355472681385292

0 spiderkeys the Skirmisher (level 1, -16/18 HPs)
             Began as a Barachi Abyssal Knight on Dec 3, 2021.
             Was a Follower of Lugonu.
             Demolished by a bunyip zombie (23 damage)
             ... on level 3 of the Abyss.
             The game lasted 00:00:30 (90 turns).

spiderkeys the Skirmisher (Barachi Abyssal Knight)    Turns: 90, Time: 00:00:31

Health: -16/18     AC:  3    Str: 14    XL:     1   Next: 0%
Magic:  2/2        EV: 11    Int: 10    God:    Lugonu [*.....]
Gold:   26         SH:  0    Dex: 12    Spells: 0/0 levels left

rFire   . . .      SeeInvis .   a - +1 hand axe
rCold   . . .      Faith    .   (no shield)
rNeg    . . .      Spirit   .   b - +0 leather armour
rPois   .          Reflect  .   (no helmet)
rElec   .          Harm     .   (no cloak)
rCorr   .          Rampage  .   (no gloves)
Will    .....                   (no boots)
Stlth   +.........              (no amulet)
HPRegen 0.06/turn               (no ring)
MPRegen 0.08/turn               (no ring)

@: unable to hop, slow
A: amphibious, slowness 1, strong legs 1, +LOS
a: Hop, Renounce Religion, Depart the Abyss


You were on level 3 of the Abyss.
You worshipped Lugonu.
Lugonu was aware of your devotion.
You visited 0 branches of the dungeon, and saw 0 of its levels.
You visited the Abyss 1 time.

You collected 26 gold pieces.


Innate Abilities, Weirdness & Mutations

You are amphibious.
You cover ground slowly.
You can hop short distances.
You have an extended range of vision and can be seen from far away.


   Skills:
 + Level 3.6 Fighting
 + Level 2.1 Axes
 + Level 2.4 Armour
 + Level 1.1 Dodging
 + Level 1.5 Invocations


You couldn't memorise any spells.
You didn't know any spells.
Your spell library was empty.

Inventory:

Hand Weapons
 a - a +1 hand axe (weapon)
Armour
 b - a +0 leather armour (worn)
Potions
 c - a potion of curing {unknown}

Dungeon Overview and Level Annotations

Branches:
Dungeon (0/15)

Altars:

..#.....#.....#.....#.###
. ....................#
....................##
....................####
...$##......##.........#
...##......##X.....#.##
......................
..........5............
........@5.........#...
.........Z.X......#.#..
...................#. .
..##..#....##.#####..##
....##....#... .## #..#.
#...#.#...# ## #
##.....##.# #...#.# #.
....... .#


You could see a tentacled starspawn, a large abomination, 2 quasits and a bunyip
zombie.


Message History

🤖 Initializing magus.rc ... ✅ Successfully initialized magus.rc [v1.9.10] Welcome, spiderkeys the Barachi Abyssal Knight.
The heart of this dungeon contains the breathtaking artefact, the Orb of Zot.
Lugonu says: Depart the Abyss and spread corruption, my servant! (use the ability menu to exit the Abyss) Press ? for a list of commands and other information.
Found a corrupted altar of Lugonu.
Found a gateway leading deeper into the Abyss.
There is a gateway leading deeper into the Abyss here.
You plunge deeper into the Abyss.
You now have 26 gold pieces.
Found a gateway leading deeper into the Abyss.
There is a gateway leading deeper into the Abyss here.
You plunge deeper into the Abyss.
The abyssal rune of Zot can be found at this depth.
Found a corrupted altar of Lugonu.
c - an orange potion A white imp comes into view.
A quasit comes into view.
The quasit gives a chilling moan.
A tentacled starspawn comes into view.
Tentacles burst from the starspawn's body! 2 starspawn tentacles come into view.
The starspawn tentacle barely misses you.
The quasit bites you.
The quasit barely misses you. x2 😕 HP[-2]
You take 2 damage, and now have 16/18 hp.
Unknown command.
A quasit comes into view.
A tentacle flies out from the starspawn's body!
A large abomination comes into view.
The quasit moves out of view.
A starspawn tentacle comes into view.
The quasit gives a chilling moan.
The starspawn tentacle barely misses you.
The starspawn tentacle grabs you.
The starspawn tentacle constricts you. 😕 HP[-1]
You take 1 damage, and now have 15/18 hp.
Hop to where?
Press: ? - help, Dir - move target You escape the starspawn tentacle's grasp.
A bunyip zombie comes into view.
Boing!
The large abomination hits you.
* * * LOW HITPOINT WARNING * * *
😨 HP[-6]
You take 6 damage, and now have 9/18 hp.
MASSIVE DAMAGE!! (PAUSE)
The quasit closely misses you. The quasit misses you.
The quasit closely misses you. The quasit bites you.
* * * LOW HITPOINT WARNING * * *
The quasit claws you but does no damage.
The quasit closely misses you. 😨 HP[-2]
You take 2 damage, and now have 7/18 hp.
The bunyip zombie claws you!!
Ouch! That really hurt!
You die...

Action                   || total
-------------------------++-------
 Abil: Hop               ||     1
Armor: Leather armour    ||     1
Dodge: Dodged            ||     8

Levels and vault maps discovered:
Abyss:3:  base: Temple, hangedman_abyss_or_decor_slice

Notes
Turn   | Place    | Note
-------+----------+-------------------------------------------
     0 | Abyss:1  | spiderkeys the Barachi Abyssal Knight began the quest for
                  | the Orb.
     0 | Abyss:1  | Reached XP level 1. HP: 18/18 MP: 2/2
     0 | Abyss:1  | magus.rc [v1.9.10]
    43 | Abyss:3  | Found a corrupted altar of Lugonu.
    77 | Abyss:3  | Noticed a quasit
    77 | Abyss:3  | Noticed a tentacled starspawn
    83 | Abyss:3  | Noticed a quasit
    83 | Abyss:3  | Noticed a large abomination
    86 | Abyss:3  | Noticed a bunyip zombie
    90 | Abyss:3  | Demolished by a bunyip zombie

Vanquished Creatures (others)
  3 starspawn tentacles (Abyss:3)
3 creatures vanquished.

Table legend:
 A = Non-vault XP
 B = Vault XP
 C = Vault XP percentage of total XP
 D = Non-vault monster count
 E = Vault monster count
 F = Vault count percentage of total count
                 A         B        C        D         E       F
            +---------+---------+-------+---------+---------+-------
      Total |       0 |       0 |   N/A |       0 |       0 |  -nan
            +---------+---------+-------+---------+---------+-------
            +---------+---------+-------+---------+---------+-------

Illustrated notes

Table legend: (Time is in decaauts)
 A = Elapsed time spent in this place.
 B = Non-inter-level travel time spent in this place.
 C = Inter-level travel time spent in this place.
 D = Time resting spent in this place.
 E = Time spent auto-exploring this place.
 F = Levels seen in this place.
 G = Mean time per level.
                   A        B        C        D        E       F      G
               +--------+--------+--------+--------+--------+-----+--------+
         Total |    106 |    106 |      0 |      0 |     33 |   3 |   35.3 |
         Abyss |    106 |    106 |      0 |      0 |     33 |   3 |   35.3 |
               +--------+--------+--------+--------+--------+-----+--------+

Top non-repeatable levels by time:
 Abyss:3: 55 daAuts
 Abyss:1: 29 daAuts
 Abyss:2: 20 daAuts
